Map: Romanticide LE

Players

Zero

  • Race: Terran Terran
  • League: Grandmaster
  • Spawn Location: 5:00

Dolan - Winner!

  • Race: Terran Terran
  • League: Grandmaster
  • Spawn Location: 11:00

VOD

https://www.youtube.com/watch?v=k9LtVcYUU9I

Description

Time

  • Played on: Feb. 7, 2021, 9:33 p.m.
  • Length: 3:04
Show
View Real Time Build Order
Export as new Build Order

Zero Terran 

Build Orders: 1/1/1 

Get SALT Encoding   

  12  0:00  SCV  
  13  0:12  SCV  
  14  0:16  Supply Depot  
  14  0:24  SCV  
  14  0:27  Refinery  
  15  0:38  SCV  
  16  0:44  Barracks  
  16  0:51  SCV  
  16  0:55  Refinery  
  17  1:03  SCV  
  18  1:15  SCV  
  19  1:31  Orbital Command  
  20  1:32  Reaper  
  20  1:34  Factory  
  20  1:42  Supply Depot  
  20  1:56  SCV  
  21  2:04  Reaper  
  22  2:08  SCV  
  23  2:18  Starport  
  23  2:19  Hellion  
  23  2:21  SCV  
  26  2:23  Supply Depot  
  25  2:33  SCV  
  26  2:42  Hellion  
Show
View Real Time Build Order
Export as new Build Order

Dolan Terran - Winner!

Build Orders:  

Get SALT Encoding   

  12  0:00  SCV  
  13  0:12  SCV  
  14  0:17  Supply Depot  
  14  0:24  SCV  
  15  0:39  Barracks  
  15  0:42  Refinery  
  15  0:55  Barracks  
  15  1:08  Barracks  
  15  1:19  Refinery  
  15  1:26  Reaper  
  16  1:36  Supply Depot  
  16  1:43  Reaper  
  17  1:56  Reaper  
  18  2:03  Reaper  
  19  2:15  Reaper  
  20  2:28  Reaper  
Tags
 
Add a new tag
Caveats
  • Supply blocks, unpowered buildings, or Contaminate may cause inaccurate times.
  • Supply counts are checked every 10 seconds.